GULF
CLEARWATER THRESHERS @ GALVESTON SAND CRABS
08/20/1982
 
TOP OF THE 1ST
Clearwater Threshers batting - Pitching for Galveston Sand Crabs : LHP Michael Dixon
Pitching: LHP Michael Dixon
Batting: RHB Rico Sutton 0-0: Called Strike
0-1: Called Strike
0-2: Strikes out swinging
Batting: LHB Tom Jones 0-0: Called Strike
0-1: Called Strike
0-2: Ground out 6-3 (Groundball, 6, EV 77.5 MPH)
Batting: RHB Gregory Norman 0-0: Ball
1-0: Ball
2-0: Called Strike
2-1: Called Strike
2-2: Foul Ball, location: 2F
2-2: Foul Ball, location: 2F
2-2: Strikes out swinging, 2-3 out at first.
Top of the 1st over - 0 runs, 0 hits, 0 errors, 0 left on base; Clearwater 0 - Galveston 0
BOTTOM OF THE 1ST
Galveston Sand Crabs batting - Pitching for Clearwater Threshers : RHP Gil Ryan
Pitching: RHP Gil Ryan
Batting: SHB William Eiland 0-0: Called Strike
0-1: Ball
1-1: Ball
2-1: Foul Ball, location: 2F
2-2: Foul Ball, location: 2F
2-2: SINGLE (Groundball, 5S, EV 66.3 MPH) (infield hit)
Batting: RHB Sergio Padilla 0-0: Foul Ball, location: 2F
0-1: Ball
1-1: Ball
2-1: Fly out, F6 (Popup, 6D, EV 55.0 MPH)
Batting: LHB Van Snider 0-0: Called Strike
0-1: DOUBLE (Flyball, 8LXD, EV 100.6 MPH)
William Eiland to third
Runner from 3rd tries for Home, SAFE, no throw by CF
Batting: RHB Stephen Fleming 0-0: Ball
1-0: Ball
2-0: Fly out, F9 (Flyball, 9D, EV 88.1 MPH)
Runner from 2nd tags up, SAFE at 3rd, no throw by RF
Batting: SHB Darryl Wilks 0-0: Swinging Strike
0-1: Fly out, F7 (Line Drive, 7D, EV 90.0 MPH)
Bottom of the 1st over - 1 run, 2 hits, 0 errors, 1 left on base; Clearwater 0 - Galveston 1
TOP OF THE 2ND
Clearwater Threshers batting - Pitching for Galveston Sand Crabs : LHP Michael Dixon
Batting: RHB Roy Wolfe 0-0: Fly out, F9 (Flyball, 9LS, EV 78.1 MPH)
Batting: RHB Vincent Beringhele 0-0: Ball
1-0: SINGLE (Line Drive, 5D, EV 103.1 MPH)
Batting: RHB Ralph Antone 0-0: Ball
1-0: Ball
2-0: Ball
3-0: Base on Balls
Vincent Beringhele to second
Batting: RHB Pete Piskol 0-0: Ball
1-0: Foul Ball, location: 2F
1-1: Called Strike
1-2: Fielders Choice at 2nd, 5-4 (Groundball, 56, EV 98.8 MPH)
Vincent Beringhele to third
Batting: RHB Glenn Swires 0-0: Swinging Strike
0-1: Ball
1-1: Ground out 4-3 (Groundball, 34, EV 104.4 MPH)
Top of the 2nd over - 0 runs, 1 hit, 0 errors, 2 left on base; Clearwater 0 - Galveston 1
BOTTOM OF THE 2ND
Galveston Sand Crabs batting - Pitching for Clearwater Threshers : RHP Gil Ryan
Batting: LHB Dave Montanari 0-0: Ball
1-0: Ball
2-0: Called Strike
2-1: Foul Ball, location: 2F
2-2: Foul Ball, location: 2F
2-2: Ball
3-2: Base on Balls
Batting: RHB William Packer 0-0: Ball
1-0: Foul Ball, location: 2F
1-1: Ball
2-1: Grounds into double play, 4-6-3 (Groundball, 4, EV 92.5 MPH)
Batting: SHB Ricardo Rivera 0-0: Ground out 5-3 (Groundball, 56, EV 88.1 MPH)
Bottom of the 2nd over - 0 runs, 0 hits, 0 errors, 0 left on base; Clearwater 0 - Galveston 1
TOP OF THE 3RD
Clearwater Threshers batting - Pitching for Galveston Sand Crabs : LHP Michael Dixon
Batting: RHB Pedro Hernandez 0-0: Ball
1-0: Ground out 1-3 (Groundball, 34S, EV 73.1 MPH)
Batting: RHB Rico Sutton 0-0: Ball
1-0: Called Strike
1-1: Called Strike
1-2: Ball
2-2: Strikes out swinging
Batting: LHB Tom Jones 0-0: Foul Ball, location: 2F
0-1: Foul Ball, location: 2F
0-2: Strikes out swinging
Top of the 3rd over - 0 runs, 0 hits, 0 errors, 0 left on base; Clearwater 0 - Galveston 1
BOTTOM OF THE 3RD
Galveston Sand Crabs batting - Pitching for Clearwater Threshers : RHP Gil Ryan
Batting: RHB Wil Muela 0-0: Ball
1-0: Ground out 5-3 (Groundball, 56, EV 88.8 MPH)
Batting: SHB William Eiland 0-0: Ball
1-0: Swinging Strike
1-1: Swinging Strike
1-2: Ball
2-2: Foul Ball, location: 2F
2-2: Strikes out swinging
Batting: RHB Sergio Padilla 0-0: Ball
1-0: Called Strike
1-1: Foul Ball, location: 2F
1-2: Strikes out swinging
Bottom of the 3rd over - 0 runs, 0 hits, 0 errors, 0 left on base; Clearwater 0 - Galveston 1
TOP OF THE 4TH
Clearwater Threshers batting - Pitching for Galveston Sand Crabs : LHP Michael Dixon
Batting: RHB Gregory Norman 0-0: Foul Ball, location: 2F
0-1: Ball
1-1: Ball
2-1: Fly out, F8 (Flyball, 89M, EV 85.6 MPH)
Batting: RHB Roy Wolfe 0-0: Ball
1-0: Ball
2-0: Called Strike
2-1: Fly out, F7 (Flyball, 7LS, EV 83.8 MPH)
Batting: RHB Vincent Beringhele 0-0: Ball
1-0: Ball
2-0: Ball
3-0: Base on Balls
Batting: RHB Ralph Antone 0-0: Fly out, F7 (Flyball, 7LD, EV 86.3 MPH)
Top of the 4th over - 0 runs, 0 hits, 0 errors, 1 left on base; Clearwater 0 - Galveston 1
BOTTOM OF THE 4TH
Galveston Sand Crabs batting - Pitching for Clearwater Threshers : RHP Gil Ryan
Batting: LHB Van Snider 0-0: Ball
1-0: Ball
2-0: Ground out 4-3 (Groundball, 4, EV 77.5 MPH)
Batting: RHB Stephen Fleming 0-0: Ball
1-0: Ball
2-0: Called Strike
2-1: Ground out 6-3 (Groundball, 6, EV 86.3 MPH)
Batting: SHB Darryl Wilks 0-0: Ball
1-0: Called Strike
1-1: Foul Ball, location: 2F
1-2: Ball
2-2: Ground out 2-3 (Groundball, 2L, EV 69.4 MPH)
Bottom of the 4th over - 0 runs, 0 hits, 0 errors, 0 left on base; Clearwater 0 - Galveston 1
TOP OF THE 5TH
Clearwater Threshers batting - Pitching for Galveston Sand Crabs : LHP Michael Dixon
Batting: RHB Pete Piskol 0-0: Foul Ball, location: 2F
0-1: Ball
1-1: Foul Ball, location: 2F
1-2: Foul Ball, location: 2F
1-2: Strikes out swinging
Batting: RHB Glenn Swires 0-0: Ball
1-0: Ball
2-0: Swinging Strike
2-1: Ground out 4-3 (Groundball, 4, EV 81.9 MPH)
Batting: RHB Pedro Hernandez 0-0: Ball
1-0: Foul Ball, location: 2F
1-1: Foul Ball, location: 2F
1-2: Ball
2-2: Foul Ball, location: 2F
2-2: Ground out 4-3 (Groundball, 4, EV 84.4 MPH)
Top of the 5th over - 0 runs, 0 hits, 0 errors, 0 left on base; Clearwater 0 - Galveston 1
BOTTOM OF THE 5TH
Galveston Sand Crabs batting - Pitching for Clearwater Threshers : RHP Gil Ryan
Batting: LHB Dave Montanari 0-0: Ball
1-0: Ball
2-0: Ball
3-0: Called Strike
3-1: Called Strike
3-2: Strikes out swinging
Batting: RHB William Packer 0-0: Called Strike
0-1: Foul Ball, location: 2F
0-2: Ball
1-2: Ball
2-2: Strikes out swinging
Batting: SHB Ricardo Rivera 0-0: Foul Ball, location: 2F
0-1: Called Strike
0-2: Strikes out swinging
Bottom of the 5th over - 0 runs, 0 hits, 0 errors, 0 left on base; Clearwater 0 - Galveston 1
TOP OF THE 6TH
Clearwater Threshers batting - Pitching for Galveston Sand Crabs : LHP Michael Dixon
Batting: RHB Rico Sutton 0-0: Called Strike
0-1: Ground out 5-3 (Groundball, 56, EV 85.6 MPH)
Batting: LHB Tom Jones 0-0: Ball
1-0: Ball
2-0: Called Strike
2-1: Swinging Strike
2-2: Strikes out swinging
Batting: RHB Gregory Norman 0-0: Ball
1-0: DOUBLE (Flyball, 89D, EV 89.4 MPH)
Batting: RHB Roy Wolfe 0-0: Called Strike
0-1: Called Strike
0-2: Foul Ball, location: 2F
0-2: Strikes out swinging
Top of the 6th over - 0 runs, 1 hit, 0 errors, 1 left on base; Clearwater 0 - Galveston 1
BOTTOM OF THE 6TH
Galveston Sand Crabs batting - Pitching for Clearwater Threshers : RHP Gil Ryan
Batting: RHB Wil Muela 0-0: Swinging Strike
0-1: Ball
1-1: Swinging Strike
1-2: Foul Ball, location: 2F
1-2: Ball
2-2: Strikes out swinging
Batting: SHB William Eiland 0-0: Ball
1-0: Foul Ball, location: 2F
1-1: Swinging Strike
1-2: Fly out, F8 (Flyball, 8RXD, EV 90.6 MPH)
Batting: RHB Sergio Padilla 0-0: Foul Ball, location: 2F
0-1: Ball
1-1: Swinging Strike
1-2: Ball
2-2: Strikes out looking
Bottom of the 6th over - 0 runs, 0 hits, 0 errors, 0 left on base; Clearwater 0 - Galveston 1
TOP OF THE 7TH
Clearwater Threshers batting - Pitching for Galveston Sand Crabs : LHP Michael Dixon
Batting: RHB Vincent Beringhele 0-0: Ball
1-0: Called Strike
1-1: Ball
2-1: Foul Ball, location: 2F
2-2: Ball
3-2: Base on Balls
Batting: RHB Ralph Antone 0-0: Ball
1-0: Called Strike
1-1: Called Strike
1-2: Fly out, F8 (Flyball, 89D, EV 101.9 MPH)
Batting: RHB Pete Piskol 0-0: Called Strike
0-1: SINGLE (Flyball, 89S, EV 93.1 MPH)
Vincent Beringhele to second
Runner from 2nd tries for 3rd, SAFE, throw by RF made to third
Batting: RHB Glenn Swires 0-0: Ball
1-0: Ball
2-0: Foul Ball, location: 2F
2-1: Ball
3-1: Foul Ball, location: 2F
3-2: Fly out, F3 (Popup, 3S, EV 81.3 MPH)
Batting: RHB Pedro Hernandez 0-0: Ball
1-0: SINGLE (Groundball, 13, EV 85.0 MPH) (infield hit)
Vincent Beringhele scores
Pete Piskol to second
Batting: RHB Rico Sutton 0-0: Called Strike
0-1: Swinging Strike
0-2: Ball
1-2: Strikes out swinging
Top of the 7th over - 1 run, 2 hits, 0 errors, 2 left on base; Clearwater 1 - Galveston 1
BOTTOM OF THE 7TH
Galveston Sand Crabs batting - Pitching for Clearwater Threshers : RHP Gil Ryan
Batting: LHB Van Snider 0-0: Called Strike
0-1: Swinging Strike
0-2: Ball
1-2: Strikes out looking
Batting: RHB Stephen Fleming 0-0: Foul Ball, location: 2F
0-1: Fly out, F8 (Line Drive, 8RM, EV 96.3 MPH)
Batting: SHB Darryl Wilks 0-0: Ball
1-0: SINGLE (Groundball, 34D, EV 80.6 MPH) (infield hit)
Batting: LHB Dave Montanari 0-0: Ball
Darryl Wilks steals 2nd base
1-0: Called Strike
1-1: Foul Ball, location: 2F
1-2: Ball
2-2: Foul Ball, location: 2F
2-2: Fly out, F9 (Line Drive, 9, EV 92.5 MPH)
Bottom of the 7th over - 0 runs, 1 hit, 0 errors, 1 left on base; Clearwater 1 - Galveston 1
TOP OF THE 8TH
Clearwater Threshers batting - Pitching for Galveston Sand Crabs : LHP Michael Dixon
Batting: LHB Tom Jones 0-0: Ball
1-0: Fly out, F7 (Flyball, 78D, EV 92.5 MPH)
Batting: RHB Gregory Norman 0-0: Ball
1-0: Ball
2-0: Foul Ball, location: 2F
2-1: Ball
3-1: Base on Balls
Batting: RHB Roy Wolfe 0-0: Swinging Strike
0-1: Foul Ball, location: 2F
0-2: Foul Ball, location: 2F
0-2: Ball
Passed Ball!
Gregory Norman to second
1-2: Fly out, F8 (Flyball, 8LD, EV 101.3 MPH)
Batting: RHB Vincent Beringhele 0-0: Swinging Strike
0-1: Foul Ball, location: 2F
0-2: Ball
1-2: Ball
2-2: Foul Ball, location: 2F
2-2: Strikes out swinging
Top of the 8th over - 0 runs, 0 hits, 0 errors, 1 left on base; Clearwater 1 - Galveston 1
BOTTOM OF THE 8TH
Galveston Sand Crabs batting - Pitching for Clearwater Threshers : RHP Gil Ryan
Batting: RHB William Packer 0-0: Swinging Strike
0-1: Foul Ball, location: 2F
0-2: SINGLE (Groundball, 6MD, EV 101.3 MPH)
Batting: SHB Ricardo Rivera 0-0: Ball
1-0: Ball
2-0: Sac Bunt to 3S - play at first, batter OUT! 3-4
William Packer to second
Batting: RHB Wil Muela 0-0: Ball
1-0: Foul Ball, location: 2F
1-1: Fly out, F9 (Flyball, 9D, EV 93.8 MPH)
Runner from 2nd tags up, SAFE at 3rd, no throw by RF
Batting: SHB William Eiland 0-0: Ball
1-0: Called Strike
1-1: Called Strike
1-2: Strikes out swinging
Bottom of the 8th over - 0 runs, 1 hit, 0 errors, 1 left on base; Clearwater 1 - Galveston 1
TOP OF THE 9TH
Clearwater Threshers batting - Pitching for Galveston Sand Crabs : LHP Michael Dixon
Pitching: RHP Xavier Tovar
Batting: RHB Ralph Antone 0-0: Called Strike
0-1: Swinging Strike
0-2: Ball
1-2: Foul Ball, location: 2F
1-2: Foul Ball, location: 2F
1-2: Ball
2-2: Fly out, F9 (Line Drive, 9, EV 94.4 MPH)
Batting: RHB Pete Piskol 0-0: Foul Ball, location: 2F
0-1: Swinging Strike
0-2: Foul Ball, location: 2F
0-2: Foul Ball, location: 2F
0-2: Strikes out looking
Pinch Hitting: RHB Jason Porter 0-0: Swinging Strike
0-1: Called Strike
0-2: Ball
1-2: Ball
2-2: Ball
3-2: Strikes out swinging
Top of the 9th over - 0 runs, 0 hits, 0 errors, 0 left on base; Clearwater 1 - Galveston 1
BOTTOM OF THE 9TH
Galveston Sand Crabs batting - Pitching for Clearwater Threshers : RHP Gil Ryan
Now in CF: Jason Porter
Batting: RHB Sergio Padilla 0-0: Ball
1-0: Ball
2-0: Ball
3-0: Called Strike
3-1: Foul Ball, location: 2F
3-2: Foul Ball, location: 2F
3-2: Base on Balls
Batting: LHB Van Snider 0-0: Ball
1-0: Ball
2-0: Foul Ball, location: 2F
2-1: Ball
3-1: Called Strike
3-2: Foul Ball, location: 2F
3-2: Strikes out swinging
Batting: RHB Stephen Fleming 0-0: Called Strike
Sergio Padilla steals 2nd, throwing error, E2
Sergio Padilla to third
0-1: Ball
1-1: Fly out, F4 (Popup, 4, EV 71.9 MPH)
Batting: SHB Darryl Wilks 0-0: Called Strike
0-1: SINGLE (Popup, 4D, EV 52.5 MPH)
Sergio Padilla scores
Bottom of the 9th over - 1 run, 1 hit, 1 error, 0 left on base; Clearwater 1 - Galveston 2
Monday, August 24th, 2020 - OOTP Baseball 21.5 Build 76